Workbook

Sheet Resumo
A1: Rateio de despesas entre congregações — resumo
A2: Indicadores calculados com dados e premissas deste arquivo. Todos os exemplos são fictícios; alertas pedem conferência humana.
A3: Indicador | B3: Valor
A4: Total considerado | B4: =SUMIF(Despesas!$H$5:$H$104,"Prevista",Despesas!$F$5:$F$104)+SUMIF(Despesas!$H$5:$H$104,"Aprovada",Despesas!$F$5:$F$104)+SUMIF(Despesas!$H$5:$H$104,"Paga",Despesas!$F$5:$F$104)
A5: Total pago | B5: =SUMIF(Despesas!$H$5:$H$104,"Paga",Despesas!$F$5:$F$104)
A6: Lançamentos considerados | B6: =COUNTIF(Despesas!$H$5:$H$104,"Prevista")+COUNTIF(Despesas!$H$5:$H$104,"Aprovada")+COUNTIF(Despesas!$H$5:$H$104,"Paga")
A7: Lançamentos a conferir | B7: =COUNTIF(Despesas!$N$5:$N$104,"Conferir")
A8: Diferença absoluta acumulada | B8: =SUMPRODUCT(IFERROR(ABS(Despesas!$M$5:$M$104),0))
A10: Distribuição calculada
A11: Congregação | B11: Total rateado | C11: % do total
A12: =IF(Premissas!$A$5="","",Premissas!$A$5) | B12: =IF($A12="","",SUM(Despesas!$I$5:$I$104)) | C12: =IFERROR($B12/$B$4,"")
A13: =IF(Premissas!$A$6="","",Premissas!$A$6) | B13: =IF($A13="","",SUM(Despesas!$J$5:$J$104)) | C13: =IFERROR($B13/$B$4,"")
A14: =IF(Premissas!$A$7="","",Premissas!$A$7) | B14: =IF($A14="","",SUM(Despesas!$K$5:$K$104)) | C14: =IFERROR($B14/$B$4,"")
A15: =IF(Premissas!$A$8="","",Premissas!$A$8) | B15: =IF($A15="","",SUM(Despesas!$L$5:$L$104)) | C15: =IFERROR($B15/$B$4,"")

Sheet Despesas
A1: Despesas compartilhadas — lançamentos fictícios
A2: Data inicial | B2: =Premissas!$B$11 | C2: Data final | D2: =Premissas!$B$12 | E2: Valor máximo | F2: =Premissas!$B$13 | G2: Edite limites e bases na planilha Premissas.
A3: Entradas em amarelo; parcelas e conferência são calculadas. | I3: =IF(Premissas!$A$5="","",Premissas!$A$5) | J3: =IF(Premissas!$A$6="","",Premissas!$A$6) | K3: =IF(Premissas!$A$7="","",Premissas!$A$7) | L3: =IF(Premissas!$A$8="","",Premissas!$A$8) | M3: Controle | N3: Alerta
A4: Data | B4: Descrição | C4: Ministério | D4: Evento ou patrimônio | E4: Responsável pelo lançamento | F4: Valor total | G4: Critério | H4: Status | I4: Parcela 1 | J4: Parcela 2 | K4: Parcela 3 | L4: Parcela 4 | M4: Diferença | N4: Conferência
A5: 46194 | B5: Energia do espaço compartilhado — exemplo fictício | C5: Administração fictícia | D5: Uso geral fictício | E5: Responsável Fictício 01 | F5: 1840.75 | G5: Participantes | H5: Paga | I5: =IF(OR(NOT(ISNUMBER($A5)),$B5="",NOT(ISNUMBER($F5)),$G5="",$H5=""),"",IF($H5="Cancelada",0,IF(Premissas!$E$5<>"Sim",0,IF($G5="Percentual fixo",$F5*N(Premissas!$D$5),IFERROR($F5*IF($G5="Igualitário",1,IF($G5="Participantes",N(Premissas!$B$5),IF($G5="Uso (horas)",N(Premissas!$C$5),0)))/IF($G5="Igualitário",COUNTIF(Premissas!$E$5:$E$8,"Sim"),IF($G5="Participantes",SUMIF(Premissas!$E$5:$E$8,"Sim",Premissas!$B$5:$B$8),IF($G5="Uso (horas)",SUMIF(Premissas!$E$5:$E$8,"Sim",Premissas!$C$5:$C$8),0))),0))))) | J5: =IF(OR(NOT(ISNUMBER($A5)),$B5="",NOT(ISNUMBER($F5)),$G5="",$H5=""),"",IF($H5="Cancelada",0,IF(Premissas!$E$6<>"Sim",0,IF($G5="Percentual fixo",$F5*N(Premissas!$D$6),IFERROR($F5*IF($G5="Igualitário",1,IF($G5="Participantes",N(Premissas!$B$6),IF($G5="Uso (horas)",N(Premissas!$C$6),0)))/IF($G5="Igualitário",COUNTIF(Premissas!$E$5:$E$8,"Sim"),IF($G5="Participantes",SUMIF(Premissas!$E$5:$E$8,"Sim",Premissas!$B$5:$B$8),IF($G5="Uso (horas)",SUMIF(Premissas!$E$5:$E$8,"Sim",Premissas!$C$5:$C$8),0))),0))))) | K5: =IF(OR(NOT(ISNUMBER($A5)),$B5="",NOT(ISNUMBER($F5)),$G5="",$H5=""),"",IF($H5="Cancelada",0,IF(Premissas!$E$7<>"Sim",0,IF($G5="Percentual fixo",$F5*N(Premissas!$D$7),IFERROR($F5*IF($G5="Igualitário",1,IF($G5="Participantes",N(Premissas!$B$7),IF($G5="Uso (horas)",N(Premissas!$C$7),0)))/IF($G5="Igualitário",COUNTIF(Premissas!$E$5:$E$8,"Sim"),IF($G5="Participantes",SUMIF(Premissas!$E$5:$E$8,"Sim",Premissas!$B$5:$B$8),IF($G5="Uso (horas)",SUMIF(Premissas!$E$5:$E$8,"Sim",Premissas!$C$5:$C$8),0))),0))))) | L5: =IF(OR(NOT(ISNUMBER($A5)),$B5="",NOT(ISNUMBER($F5)),$G5="",$H5=""),"",IF($H5="Cancelada",0,IF(Premissas!$E$8<>"Sim",0,IF($G5="Percentual fixo",$F5*N(Premissas!$D$8),IFERROR($F5*IF($G5="Igualitário",1,IF($G5="Participantes",N(Premissas!$B$8),IF($G5="Uso (horas)",N(Premissas!$C$8),0)))/IF($G5="Igualitário",COUNTIF(Premissas!$E$5:$E$8,"Sim"),IF($G5="Participantes",SUMIF(Premissas!$E$5:$E$8,"Sim",Premissas!$B$5:$B$8),IF($G5="Uso (horas)",SUMIF(Premissas!$E$5:$E$8,"Sim",Premissas!$C$5:$C$8),0))),0))))) | M5: =IF(OR(NOT(ISNUMBER($A5)),$B5="",NOT(ISNUMBER($F5)),$G5="",$H5=""),"",IF($H5="Cancelada",0,$F5-SUM($I5:$L5))) | N5: =IF($M5="","",IF($H5="Cancelada","Cancelada",IF(ABS($M5)<=N(Premissas!$B$14),"OK","Conferir")))
A6: 46207 | B6: Água do salão compartilhado — exemplo fictício | C6: Apoio fictício | D6: Encontro Fictício Aurora | E6: Responsável Fictício 02 | F6: 936.4 | G6: Uso (horas) | H6: Aprovada | I6: =IF(OR(NOT(ISNUMBER($A6)),$B6="",NOT(ISNUMBER($F6)),$G6="",$H6=""),"",IF($H6="Cancelada",0,IF(Premissas!$E$5<>"Sim",0,IF($G6="Percentual fixo",$F6*N(Premissas!$D$5),IFERROR($F6*IF($G6="Igualitário",1,IF($G6="Participantes",N(Premissas!$B$5),IF($G6="Uso (horas)",N(Premissas!$C$5),0)))/IF($G6="Igualitário",COUNTIF(Premissas!$E$5:$E$8,"Sim"),IF($G6="Participantes",SUMIF(Premissas!$E$5:$E$8,"Sim",Premissas!$B$5:$B$8),IF($G6="Uso (horas)",SUMIF(Premissas!$E$5:$E$8,"Sim",Premissas!$C$5:$C$8),0))),0))))) | J6: =IF(OR(NOT(ISNUMBER($A6)),$B6="",NOT(ISNUMBER($F6)),$G6="",$H6=""),"",IF($H6="Cancelada",0,IF(Premissas!$E$6<>"Sim",0,IF($G6="Percentual fixo",$F6*N(Premissas!$D$6),IFERROR($F6*IF($G6="Igualitário",1,IF($G6="Participantes",N(Premissas!$B$6),IF($G6="Uso (horas)",N(Premissas!$C$6),0)))/IF($G6="Igualitário",COUNTIF(Premissas!$E$5:$E$8,"Sim"),IF($G6="Participantes",SUMIF(Premissas!$E$5:$E$8,"Sim",Premissas!$B$5:$B$8),IF($G6="Uso (horas)",SUMIF(Premissas!$E$5:$E$8,"Sim",Premissas!$C$5:$C$8),0))),0))))) | K6: =IF(OR(NOT(ISNUMBER($A6)),$B6="",NOT(ISNUMBER($F6)),$G6="",$H6=""),"",IF($H6="Cancelada",0,IF(Premissas!$E$7<>"Sim",0,IF($G6="Percentual fixo",$F6*N(Premissas!$D$7),IFERROR($F6*IF($G6="Igualitário",1,IF($G6="Participantes",N(Premissas!$B$7),IF($G6="Uso (horas)",N(Premissas!$C$7),0)))/IF($G6="Igualitário",COUNTIF(Premissas!$E$5:$E$8,"Sim"),IF($G6="Participantes",SUMIF(Premissas!$E$5:$E$8,"Sim",Premissas!$B$5:$B$8),IF($G6="Uso (horas)",SUMIF(Premissas!$E$5:$E$8,"Sim",Premissas!$C$5:$C$8),0))),0))))) | L6: =IF(OR(NOT(ISNUMBER($A6)),$B6="",NOT(ISNUMBER($F6)),$G6="",$H6=""),"",IF($H6="Cancelada",0,IF(Premissas!$E$8<>"Sim",0,IF($G6="Percentual fixo",$F6*N(Premissas!$D$8),IFERROR($F6*IF($G6="Igualitário",1,IF($G6="Participantes",N(Premissas!$B$8),IF($G6="Uso (horas)",N(Premissas!$C$8),0)))/IF($G6="Igualitário",COUNTIF(Premissas!$E$5:$E$8,"Sim"),IF($G6="Participantes",SUMIF(Premissas!$E$5:$E$8,"Sim",Premissas!$B$5:$B$8),IF($G6="Uso (horas)",SUMIF(Premissas!$E$5:$E$8,"Sim",Premissas!$C$5:$C$8),0))),0))))) | M6: =IF(OR(NOT(ISNUMBER($A6)),$B6="",NOT(ISNUMBER($F6)),$G6="",$H6=""),"",IF($H6="Cancelada",0,$F6-SUM($I6:$L6))) | N6: =IF($M6="","",IF($H6="Cancelada","Cancelada",IF(ABS($M6)<=N(Premissas!$B$14),"OK","Conferir")))
A7: 46219 | B7: Manutenção de som — patrimônio fictício | C7: Música fictícia | D7: Reunião Fictícia Harmonia | E7: Responsável Fictício 03 | F7: 2680 | G7: Igualitário | H7: Prevista | I7: =IF(OR(NOT(ISNUMBER($A7)),$B7="",NOT(ISNUMBER($F7)),$G7="",$H7=""),"",IF($H7="Cancelada",0,IF(Premissas!$E$5<>"Sim",0,IF($G7="Percentual fixo",$F7*N(Premissas!$D$5),IFERROR($F7*IF($G7="Igualitário",1,IF($G7="Participantes",N(Premissas!$B$5),IF($G7="Uso (horas)",N(Premissas!$C$5),0)))/IF($G7="Igualitário",COUNTIF(Premissas!$E$5:$E$8,"Sim"),IF($G7="Participantes",SUMIF(Premissas!$E$5:$E$8,"Sim",Premissas!$B$5:$B$8),IF($G7="Uso (horas)",SUMIF(Premissas!$E$5:$E$8,"Sim",Premissas!$C$5:$C$8),0))),0))))) | J7: =IF(OR(NOT(ISNUMBER($A7)),$B7="",NOT(ISNUMBER($F7)),$G7="",$H7=""),"",IF($H7="Cancelada",0,IF(Premissas!$E$6<>"Sim",0,IF($G7="Percentual fixo",$F7*N(Premissas!$D$6),IFERROR($F7*IF($G7="Igualitário",1,IF($G7="Participantes",N(Premissas!$B$6),IF($G7="Uso (horas)",N(Premissas!$C$6),0)))/IF($G7="Igualitário",COUNTIF(Premissas!$E$5:$E$8,"Sim"),IF($G7="Participantes",SUMIF(Premissas!$E$5:$E$8,"Sim",Premissas!$B$5:$B$8),IF($G7="Uso (horas)",SUMIF(Premissas!$E$5:$E$8,"Sim",Premissas!$C$5:$C$8),0))),0))))) | K7: =IF(OR(NOT(ISNUMBER($A7)),$B7="",NOT(ISNUMBER($F7)),$G7="",$H7=""),"",IF($H7="Cancelada",0,IF(Premissas!$E$7<>"Sim",0,IF($G7="Percentual fixo",$F7*N(Premissas!$D$7),IFERROR($F7*IF($G7="Igualitário",1,IF($G7="Participantes",N(Premissas!$B$7),IF($G7="Uso (horas)",N(Premissas!$C$7),0)))/IF($G7="Igualitário",COUNTIF(Premissas!$E$5:$E$8,"Sim"),IF($G7="Participantes",SUMIF(Premissas!$E$5:$E$8,"Sim",Premissas!$B$5:$B$8),IF($G7="Uso (horas)",SUMIF(Premissas!$E$5:$E$8,"Sim",Premissas!$C$5:$C$8),0))),0))))) | L7: =IF(OR(NOT(ISNUMBER($A7)),$B7="",NOT(ISNUMBER($F7)),$G7="",$H7=""),"",IF($H7="Cancelada",0,IF(Premissas!$E$8<>"Sim",0,IF($G7="Percentual fixo",$F7*N(Premissas!$D$8),IFERROR($F7*IF($G7="Igualitário",1,IF($G7="Participantes",N(Premissas!$B$8),IF($G7="Uso (horas)",N(Premissas!$C$8),0)))/IF($G7="Igualitário",COUNTIF(Premissas!$E$5:$E$8,"Sim"),IF($G7="Participantes",SUMIF(Premissas!$E$5:$E$8,"Sim",Premissas!$B$5:$B$8),IF($G7="Uso (horas)",SUMIF(Premissas!$E$5:$E$8,"Sim",Premissas!$C$5:$C$8),0))),0))))) | M7: =IF(OR(NOT(ISNUMBER($A7)),$B7="",NOT(ISNUMBER($F7)),$G7="",$H7=""),"",IF($H7="Cancelada",0,$F7-SUM($I7:$L7))) | N7: =IF($M7="","",IF($H7="Cancelada","Cancelada",IF(ABS($M7)<=N(Premissas!$B$14),"OK","Conferir")))
A8: 46232 | B8: Materiais de limpeza — exemplo fictício | C8: Zeladoria fictícia | D8: Mutirão Fictício Cuidado | E8: Responsável Fictício 04 | F8: 742.35 | G8: Percentual fixo | H8: Paga | I8: =IF(OR(NOT(ISNUMBER($A8)),$B8="",NOT(ISNUMBER($F8)),$G8="",$H8=""),"",IF($H8="Cancelada",0,IF(Premissas!$E$5<>"Sim",0,IF($G8="Percentual fixo",$F8*N(Premissas!$D$5),IFERROR($F8*IF($G8="Igualitário",1,IF($G8="Participantes",N(Premissas!$B$5),IF($G8="Uso (horas)",N(Premissas!$C$5),0)))/IF($G8="Igualitário",COUNTIF(Premissas!$E$5:$E$8,"Sim"),IF($G8="Participantes",SUMIF(Premissas!$E$5:$E$8,"Sim",Premissas!$B$5:$B$8),IF($G8="Uso (horas)",SUMIF(Premissas!$E$5:$E$8,"Sim",Premissas!$C$5:$C$8),0))),0))))) | J8: =IF(OR(NOT(ISNUMBER($A8)),$B8="",NOT(ISNUMBER($F8)),$G8="",$H8=""),"",IF($H8="Cancelada",0,IF(Premissas!$E$6<>"Sim",0,IF($G8="Percentual fixo",$F8*N(Premissas!$D$6),IFERROR($F8*IF($G8="Igualitário",1,IF($G8="Participantes",N(Premissas!$B$6),IF($G8="Uso (horas)",N(Premissas!$C$6),0)))/IF($G8="Igualitário",COUNTIF(Premissas!$E$5:$E$8,"Sim"),IF($G8="Participantes",SUMIF(Premissas!$E$5:$E$8,"Sim",Premissas!$B$5:$B$8),IF($G8="Uso (horas)",SUMIF(Premissas!$E$5:$E$8,"Sim",Premissas!$C$5:$C$8),0))),0))))) | K8: =IF(OR(NOT(ISNUMBER($A8)),$B8="",NOT(ISNUMBER($F8)),$G8="",$H8=""),"",IF($H8="Cancelada",0,IF(Premissas!$E$7<>"Sim",0,IF($G8="Percentual fixo",$F8*N(Premissas!$D$7),IFERROR($F8*IF($G8="Igualitário",1,IF($G8="Participantes",N(Premissas!$B$7),IF($G8="Uso (horas)",N(Premissas!$C$7),0)))/IF($G8="Igualitário",COUNTIF(Premissas!$E$5:$E$8,"Sim"),IF($G8="Participantes",SUMIF(Premissas!$E$5:$E$8,"Sim",Premissas!$B$5:$B$8),IF($G8="Uso (horas)",SUMIF(Premissas!$E$5:$E$8,"Sim",Premissas!$C$5:$C$8),0))),0))))) | L8: =IF(OR(NOT(ISNUMBER($A8)),$B8="",NOT(ISNUMBER($F8)),$G8="",$H8=""),"",IF($H8="Cancelada",0,IF(Premissas!$E$8<>"Sim",0,IF($G8="Percentual fixo",$F8*N(Premissas!$D$8),IFERROR($F8*IF($G8="Igualitário",1,IF($G8="Participantes",N(Premissas!$B$8),IF($G8="Uso (horas)",N(Premissas!$C$8),0)))/IF($G8="Igualitário",COUNTIF(Premissas!$E$5:$E$8,"Sim"),IF($G8="Participantes",SUMIF(Premissas!$E$5:$E$8,"Sim",Premissas!$B$5:$B$8),IF($G8="Uso (horas)",SUMIF(Premissas!$E$5:$E$8,"Sim",Premissas!$C$5:$C$8),0))),0))))) | M8: =IF(OR(NOT(ISNUMBER($A8)),$B8="",NOT(ISNUMBER($F8)),$G8="",$H8=""),"",IF($H8="Cancelada",0,$F8-SUM($I8:$L8))) | N8: =IF($M8="","",IF($H8="Cancelada","Cancelada",IF(ABS($M8)<=N(Premissas!$B$14),"OK","Conferir")))
A9: 46245 | B9: Reparo de cobertura — patrimônio fictício | C9: Manutenção fictícia | D9: Espaço Fictício Ipê | E9: Responsável Fictício 05 | F9: 4750.9 | G9: Participantes | H9: Aprovada | I9: =IF(OR(NOT(ISNUMBER($A9)),$B9="",NOT(ISNUMBER($F9)),$G9="",$H9=""),"",IF($H9="Cancelada",0,IF(Premissas!$E$5<>"Sim",0,IF($G9="Percentual fixo",$F9*N(Premissas!$D$5),IFERROR($F9*IF($G9="Igualitário",1,IF($G9="Participantes",N(Premissas!$B$5),IF($G9="Uso (horas)",N(Premissas!$C$5),0)))/IF($G9="Igualitário",COUNTIF(Premissas!$E$5:$E$8,"Sim"),IF($G9="Participantes",SUMIF(Premissas!$E$5:$E$8,"Sim",Premissas!$B$5:$B$8),IF($G9="Uso (horas)",SUMIF(Premissas!$E$5:$E$8,"Sim",Premissas!$C$5:$C$8),0))),0))))) | J9: =IF(OR(NOT(ISNUMBER($A9)),$B9="",NOT(ISNUMBER($F9)),$G9="",$H9=""),"",IF($H9="Cancelada",0,IF(Premissas!$E$6<>"Sim",0,IF($G9="Percentual fixo",$F9*N(Premissas!$D$6),IFERROR($F9*IF($G9="Igualitário",1,IF($G9="Participantes",N(Premissas!$B$6),IF($G9="Uso (horas)",N(Premissas!$C$6),0)))/IF($G9="Igualitário",COUNTIF(Premissas!$E$5:$E$8,"Sim"),IF($G9="Participantes",SUMIF(Premissas!$E$5:$E$8,"Sim",Premissas!$B$5:$B$8),IF($G9="Uso (horas)",SUMIF(Premissas!$E$5:$E$8,"Sim",Premissas!$C$5:$C$8),0))),0))))) | K9: =IF(OR(NOT(ISNUMBER($A9)),$B9="",NOT(ISNUMBER($F9)),$G9="",$H9=""),"",IF($H9="Cancelada",0,IF(Premissas!$E$7<>"Sim",0,IF($G9="Percentual fixo",$F9*N(Premissas!$D$7),IFERROR($F9*IF($G9="Igualitário",1,IF($G9="Participantes",N(Premissas!$B$7),IF($G9="Uso (horas)",N(Premissas!$C$7),0)))/IF($G9="Igualitário",COUNTIF(Premissas!$E$5:$E$8,"Sim"),IF($G9="Participantes",SUMIF(Premissas!$E$5:$E$8,"Sim",Premissas!$B$5:$B$8),IF($G9="Uso (horas)",SUMIF(Premissas!$E$5:$E$8,"Sim",Premissas!$C$5:$C$8),0))),0))))) | L9: =IF(OR(NOT(ISNUMBER($A9)),$B9="",NOT(ISNUMBER($F9)),$G9="",$H9=""),"",IF($H9="Cancelada",0,IF(Premissas!$E$8<>"Sim",0,IF($G9="Percentual fixo",$F9*N(Premissas!$D$8),IFERROR($F9*IF($G9="Igualitário",1,IF($G9="Participantes",N(Premissas!$B$8),IF($G9="Uso (horas)",N(Premissas!$C$8),0)))/IF($G9="Igualitário",COUNTIF(Premissas!$E$5:$E$8,"Sim"),IF($G9="Participantes",SUMIF(Premissas!$E$5:$E$8,"Sim",Premissas!$B$5:$B$8),IF($G9="Uso (horas)",SUMIF(Premissas!$E$5:$E$8,"Sim",Premissas!$C$5:$C$8),0))),0))))) | M9: =IF(OR(NOT(ISNUMBER($A9)),$B9="",NOT(ISNUMBER($F9)),$G9="",$H9=""),"",IF($H9="Cancelada",0,$F9-SUM($I9:$L9))) | N9: =IF($M9="","",IF($H9="Cancelada","Cancelada",IF(ABS($M9)<=N(Premissas!$B$14),"OK","Conferir")))
A10: 46253 | B10: Locação de cadeiras — exemplo fictício | C10: Eventos fictícios | D10: Celebração Fictícia Caminho | E10: Responsável Fictício 06 | F10: 1280 | G10: Igualitário | H10: Cancelada | I10: =IF(OR(NOT(ISNUMBER($A10)),$B10="",NOT(ISNUMBER($F10)),$G10="",$H10=""),"",IF($H10="Cancelada",0,IF(Premissas!$E$5<>"Sim",0,IF($G10="Percentual fixo",$F10*N(Premissas!$D$5),IFERROR($F10*IF($G10="Igualitário",1,IF($G10="Participantes",N(Premissas!$B$5),IF($G10="Uso (horas)",N(Premissas!$C$5),0)))/IF($G10="Igualitário",COUNTIF(Premissas!$E$5:$E$8,"Sim"),IF($G10="Participantes",SUMIF(Premissas!$E$5:$E$8,"Sim",Premissas!$B$5:$B$8),IF($G10="Uso (horas)",SUMIF(Premissas!$E$5:$E$8,"Sim",Premissas!$C$5:$C$8),0))),0))))) | J10: =IF(OR(NOT(ISNUMBER($A10)),$B10="",NOT(ISNUMBER($F10)),$G10="",$H10=""),"",IF($H10="Cancelada",0,IF(Premissas!$E$6<>"Sim",0,IF($G10="Percentual fixo",$F10*N(Premissas!$D$6),IFERROR($F10*IF($G10="Igualitário",1,IF($G10="Participantes",N(Premissas!$B$6),IF($G10="Uso (horas)",N(Premissas!$C$6),0)))/IF($G10="Igualitário",COUNTIF(Premissas!$E$5:$E$8,"Sim"),IF($G10="Participantes",SUMIF(Premissas!$E$5:$E$8,"Sim",Premissas!$B$5:$B$8),IF($G10="Uso (horas)",SUMIF(Premissas!$E$5:$E$8,"Sim",Premissas!$C$5:$C$8),0))),0))))) | K10: =IF(OR(NOT(ISNUMBER($A10)),$B10="",NOT(ISNUMBER($F10)),$G10="",$H10=""),"",IF($H10="Cancelada",0,IF(Premissas!$E$7<>"Sim",0,IF($G10="Percentual fixo",$F10*N(Premissas!$D$7),IFERROR($F10*IF($G10="Igualitário",1,IF($G10="Participantes",N(Premissas!$B$7),IF($G10="Uso (horas)",N(Premissas!$C$7),0)))/IF($G10="Igualitário",COUNTIF(Premissas!$E$5:$E$8,"Sim"),IF($G10="Participantes",SUMIF(Premissas!$E$5:$E$8,"Sim",Premissas!$B$5:$B$8),IF($G10="Uso (horas)",SUMIF(Premissas!$E$5:$E$8,"Sim",Premissas!$C$5:$C$8),0))),0))))) | L10: =IF(OR(NOT(ISNUMBER($A10)),$B10="",NOT(ISNUMBER($F10)),$G10="",$H10=""),"",IF($H10="Cancelada",0,IF(Premissas!$E$8<>"Sim",0,IF($G10="Percentual fixo",$F10*N(Premissas!$D$8),IFERROR($F10*IF($G10="Igualitário",1,IF($G10="Participantes",N(Premissas!$B$8),IF($G10="Uso (horas)",N(Premissas!$C$8),0)))/IF($G10="Igualitário",COUNTIF(Premissas!$E$5:$E$8,"Sim"),IF($G10="Participantes",SUMIF(Premissas!$E$5:$E$8,"Sim",Premissas!$B$5:$B$8),IF($G10="Uso (horas)",SUMIF(Premissas!$E$5:$E$8,"Sim",Premissas!$C$5:$C$8),0))),0))))) | M10: =IF(OR(NOT(ISNUMBER($A10)),$B10="",NOT(ISNUMBER($F10)),$G10="",$H10=""),"",IF($H10="Cancelada",0,$F10-SUM($I10:$L10))) | N10: =IF($M10="","",IF($H10="Cancelada","Cancelada",IF(ABS($M10)<=N(Premissas!$B$14),"OK","Conferir")))
A11: 46261 | B11: Internet administrativa — exemplo fictício | C11: Comunicação fictícia | D11: Uso compartilhado fictício | E11: Responsável Fictício 07 | F11: 519.8 | G11: Igualitário | H11: Paga | I11: =IF(OR(NOT(ISNUMBER($A11)),$B11="",NOT(ISNUMBER($F11)),$G11="",$H11=""),"",IF($H11="Cancelada",0,IF(Premissas!$E$5<>"Sim",0,IF($G11="Percentual fixo",$F11*N(Premissas!$D$5),IFERROR($F11*IF($G11="Igualitário",1,IF($G11="Participantes",N(Premissas!$B$5),IF($G11="Uso (horas)",N(Premissas!$C$5),0)))/IF($G11="Igualitário",COUNTIF(Premissas!$E$5:$E$8,"Sim"),IF($G11="Participantes",SUMIF(Premissas!$E$5:$E$8,"Sim",Premissas!$B$5:$B$8),IF($G11="Uso (horas)",SUMIF(Premissas!$E$5:$E$8,"Sim",Premissas!$C$5:$C$8),0))),0))))) | J11: =IF(OR(NOT(ISNUMBER($A11)),$B11="",NOT(ISNUMBER($F11)),$G11="",$H11=""),"",IF($H11="Cancelada",0,IF(Premissas!$E$6<>"Sim",0,IF($G11="Percentual fixo",$F11*N(Premissas!$D$6),IFERROR($F11*IF($G11="Igualitário",1,IF($G11="Participantes",N(Premissas!$B$6),IF($G11="Uso (horas)",N(Premissas!$C$6),0)))/IF($G11="Igualitário",COUNTIF(Premissas!$E$5:$E$8,"Sim"),IF($G11="Participantes",SUMIF(Premissas!$E$5:$E$8,"Sim",Premissas!$B$5:$B$8),IF($G11="Uso (horas)",SUMIF(Premissas!$E$5:$E$8,"Sim",Premissas!$C$5:$C$8),0))),0))))) | K11: =IF(OR(NOT(ISNUMBER($A11)),$B11="",NOT(ISNUMBER($F11)),$G11="",$H11=""),"",IF($H11="Cancelada",0,IF(Premissas!$E$7<>"Sim",0,IF($G11="Percentual fixo",$F11*N(Premissas!$D$7),IFERROR($F11*IF($G11="Igualitário",1,IF($G11="Participantes",N(Premissas!$B$7),IF($G11="Uso (horas)",N(Premissas!$C$7),0)))/IF($G11="Igualitário",COUNTIF(Premissas!$E$5:$E$8,"Sim"),IF($G11="Participantes",SUMIF(Premissas!$E$5:$E$8,"Sim",Premissas!$B$5:$B$8),IF($G11="Uso (horas)",SUMIF(Premissas!$E$5:$E$8,"Sim",Premissas!$C$5:$C$8),0))),0))))) | L11: =IF(OR(NOT(ISNUMBER($A11)),$B11="",NOT(ISNUMBER($F11)),$G11="",$H11=""),"",IF($H11="Cancelada",0,IF(Premissas!$E$8<>"Sim",0,IF($G11="Percentual fixo",$F11*N(Premissas!$D$8),IFERROR($F11*IF($G11="Igualitário",1,IF($G11="Participantes",N(Premissas!$B$8),IF($G11="Uso (horas)",N(Premissas!$C$8),0)))/IF($G11="Igualitário",COUNTIF(Premissas!$E$5:$E$8,"Sim"),IF($G11="Participantes",SUMIF(Premissas!$E$5:$E$8,"Sim",Premissas!$B$5:$B$8),IF($G11="Uso (horas)",SUMIF(Premissas!$E$5:$E$8,"Sim",Premissas!$C$5:$C$8),0))),0))))) | M11: =IF(OR(NOT(ISNUMBER($A11)),$B11="",NOT(ISNUMBER($F11)),$G11="",$H11=""),"",IF($H11="Cancelada",0,$F11-SUM($I11:$L11))) | N11: =IF($M11="","",IF($H11="Cancelada","Cancelada",IF(ABS($M11)<=N(Premissas!$B$14),"OK","Conferir")))
A12: 46269 | B12: Transporte de equipamento — exemplo fictício | C12: Logística fictícia | D12: Encontro Fictício Ponte | E12: Responsável Fictício 08 | F12: 1635.5 | G12: Uso (horas) | H12: Prevista | I12: =IF(OR(NOT(ISNUMBER($A12)),$B12="",NOT(ISNUMBER($F12)),$G12="",$H12=""),"",IF($H12="Cancelada",0,IF(Premissas!$E$5<>"Sim",0,IF($G12="Percentual fixo",$F12*N(Premissas!$D$5),IFERROR($F12*IF($G12="Igualitário",1,IF($G12="Participantes",N(Premissas!$B$5),IF($G12="Uso (horas)",N(Premissas!$C$5),0)))/IF($G12="Igualitário",COUNTIF(Premissas!$E$5:$E$8,"Sim"),IF($G12="Participantes",SUMIF(Premissas!$E$5:$E$8,"Sim",Premissas!$B$5:$B$8),IF($G12="Uso (horas)",SUMIF(Premissas!$E$5:$E$8,"Sim",Premissas!$C$5:$C$8),0))),0))))) | J12: =IF(OR(NOT(ISNUMBER($A12)),$B12="",NOT(ISNUMBER($F12)),$G12="",$H12=""),"",IF($H12="Cancelada",0,IF(Premissas!$E$6<>"Sim",0,IF($G12="Percentual fixo",$F12*N(Premissas!$D$6),IFERROR($F12*IF($G12="Igualitário",1,IF($G12="Participantes",N(Premissas!$B$6),IF($G12="Uso (horas)",N(Premissas!$C$6),0)))/IF($G12="Igualitário",COUNTIF(Premissas!$E$5:$E$8,"Sim"),IF($G12="Participantes",SUMIF(Premissas!$E$5:$E$8,"Sim",Premissas!$B$5:$B$8),IF($G12="Uso (horas)",SUMIF(Premissas!$E$5:$E$8,"Sim",Premissas!$C$5:$C$8),0))),0))))) | K12: =IF(OR(NOT(ISNUMBER($A12)),$B12="",NOT(ISNUMBER($F12)),$G12="",$H12=""),"",IF($H12="Cancelada",0,IF(Premissas!$E$7<>"Sim",0,IF($G12="Percentual fixo",$F12*N(Premissas!$D$7),IFERROR($F12*IF($G12="Igualitário",1,IF($G12="Participantes",N(Premissas!$B$7),IF($G12="Uso (horas)",N(Premissas!$C$7),0)))/IF($G12="Igualitário",COUNTIF(Premissas!$E$5:$E$8,"Sim"),IF($G12="Participantes",SUMIF(Premissas!$E$5:$E$8,"Sim",Premissas!$B$5:$B$8),IF($G12="Uso (horas)",SUMIF(Premissas!$E$5:$E$8,"Sim",Premissas!$C$5:$C$8),0))),0))))) | L12: =IF(OR(NOT(ISNUMBER($A12)),$B12="",NOT(ISNUMBER($F12)),$G12="",$H12=""),"",IF($H12="Cancelada",0,IF(Premissas!$E$8<>"Sim",0,IF($G12="Percentual fixo",$F12*N(Premissas!$D$8),IFERROR($F12*IF($G12="Igualitário",1,IF($G12="Participantes",N(Premissas!$B$8),IF($G12="Uso (horas)",N(Premissas!$C$8),0)))/IF($G12="Igualitário",COUNTIF(Premissas!$E$5:$E$8,"Sim"),IF($G12="Participantes",SUMIF(Premissas!$E$5:$E$8,"Sim",Premissas!$B$5:$B$8),IF($G12="Uso (horas)",SUMIF(Premissas!$E$5:$E$8,"Sim",Premissas!$C$5:$C$8),0))),0))))) | M12: =IF(OR(NOT(ISNUMBER($A12)),$B12="",NOT(ISNUMBER($F12)),$G12="",$H12=""),"",IF($H12="Cancelada",0,$F12-SUM($I12:$L12))) | N12: =IF($M12="","",IF($H12="Cancelada","Cancelada",IF(ABS($M12)<=N(Premissas!$B$14),"OK","Conferir")))
A13: 46276 | B13: Seguro interno de bens — exemplo fictício | C13: Patrimônio fictício | D13: Acervo Fictício Sereno | E13: Responsável Fictício 09 | F13: 2240 | G13: Percentual fixo | H13: Aprovada | I13: =IF(OR(NOT(ISNUMBER($A13)),$B13="",NOT(ISNUMBER($F13)),$G13="",$H13=""),"",IF($H13="Cancelada",0,IF(Premissas!$E$5<>"Sim",0,IF($G13="Percentual fixo",$F13*N(Premissas!$D$5),IFERROR($F13*IF($G13="Igualitário",1,IF($G13="Participantes",N(Premissas!$B$5),IF($G13="Uso (horas)",N(Premissas!$C$5),0)))/IF($G13="Igualitário",COUNTIF(Premissas!$E$5:$E$8,"Sim"),IF($G13="Participantes",SUMIF(Premissas!$E$5:$E$8,"Sim",Premissas!$B$5:$B$8),IF($G13="Uso (horas)",SUMIF(Premissas!$E$5:$E$8,"Sim",Premissas!$C$5:$C$8),0))),0))))) | J13: =IF(OR(NOT(ISNUMBER($A13)),$B13="",NOT(ISNUMBER($F13)),$G13="",$H13=""),"",IF($H13="Cancelada",0,IF(Premissas!$E$6<>"Sim",0,IF($G13="Percentual fixo",$F13*N(Premissas!$D$6),IFERROR($F13*IF($G13="Igualitário",1,IF($G13="Participantes",N(Premissas!$B$6),IF($G13="Uso (horas)",N(Premissas!$C$6),0)))/IF($G13="Igualitário",COUNTIF(Premissas!$E$5:$E$8,"Sim"),IF($G13="Participantes",SUMIF(Premissas!$E$5:$E$8,"Sim",Premissas!$B$5:$B$8),IF($G13="Uso (horas)",SUMIF(Premissas!$E$5:$E$8,"Sim",Premissas!$C$5:$C$8),0))),0))))) | K13: =IF(OR(NOT(ISNUMBER($A13)),$B13="",NOT(ISNUMBER($F13)),$G13="",$H13=""),"",IF($H13="Cancelada",0,IF(Premissas!$E$7<>"Sim",0,IF($G13="Percentual fixo",$F13*N(Premissas!$D$7),IFERROR($F13*IF($G13="Igualitário",1,IF($G13="Participantes",N(Premissas!$B$7),IF($G13="Uso (horas)",N(Premissas!$C$7),0)))/IF($G13="Igualitário",COUNTIF(Premissas!$E$5:$E$8,"Sim"),IF($G13="Participantes",SUMIF(Premissas!$E$5:$E$8,"Sim",Premissas!$B$5:$B$8),IF($G13="Uso (horas)",SUMIF(Premissas!$E$5:$E$8,"Sim",Premissas!$C$5:$C$8),0))),0))))) | L13: =IF(OR(NOT(ISNUMBER($A13)),$B13="",NOT(ISNUMBER($F13)),$G13="",$H13=""),"",IF($H13="Cancelada",0,IF(Premissas!$E$8<>"Sim",0,IF($G13="Percentual fixo",$F13*N(Premissas!$D$8),IFERROR($F13*IF($G13="Igualitário",1,IF($G13="Participantes",N(Premissas!$B$8),IF($G13="Uso (horas)",N(Premissas!$C$8),0)))/IF($G13="Igualitário",COUNTIF(Premissas!$E$5:$E$8,"Sim"),IF($G13="Participantes",SUMIF(Premissas!$E$5:$E$8,"Sim",Premissas!$B$5:$B$8),IF($G13="Uso (horas)",SUMIF(Premissas!$E$5:$E$8,"Sim",Premissas!$C$5:$C$8),0))),0))))) | M13: =IF(OR(NOT(ISNUMBER($A13)),$B13="",NOT(ISNUMBER($F13)),$G13="",$H13=""),"",IF($H13="Cancelada",0,$F13-SUM($I13:$L13))) | N13: =IF($M13="","",IF($H13="Cancelada","Cancelada",IF(ABS($M13)<=N(Premissas!$B$14),"OK","Conferir")))
A14: 46297 | B14: Pintura de área comum — exemplo fictício | C14: Manutenção fictícia | D14: Projeto Fictício Cores | E14: Responsável Fictício 10 | F14: 3590.25 | G14: Participantes | H14: Prevista | I14: =IF(OR(NOT(ISNUMBER($A14)),$B14="",NOT(ISNUMBER($F14)),$G14="",$H14=""),"",IF($H14="Cancelada",0,IF(Premissas!$E$5<>"Sim",0,IF($G14="Percentual fixo",$F14*N(Premissas!$D$5),IFERROR($F14*IF($G14="Igualitário",1,IF($G14="Participantes",N(Premissas!$B$5),IF($G14="Uso (horas)",N(Premissas!$C$5),0)))/IF($G14="Igualitário",COUNTIF(Premissas!$E$5:$E$8,"Sim"),IF($G14="Participantes",SUMIF(Premissas!$E$5:$E$8,"Sim",Premissas!$B$5:$B$8),IF($G14="Uso (horas)",SUMIF(Premissas!$E$5:$E$8,"Sim",Premissas!$C$5:$C$8),0))),0))))) | J14: =IF(OR(NOT(ISNUMBER($A14)),$B14="",NOT(ISNUMBER($F14)),$G14="",$H14=""),"",IF($H14="Cancelada",0,IF(Premissas!$E$6<>"Sim",0,IF($G14="Percentual fixo",$F14*N(Premissas!$D$6),IFERROR($F14*IF($G14="Igualitário",1,IF($G14="Participantes",N(Premissas!$B$6),IF($G14="Uso (horas)",N(Premissas!$C$6),0)))/IF($G14="Igualitário",COUNTIF(Premissas!$E$5:$E$8,"Sim"),IF($G14="Participantes",SUMIF(Premissas!$E$5:$E$8,"Sim",Premissas!$B$5:$B$8),IF($G14="Uso (horas)",SUMIF(Premissas!$E$5:$E$8,"Sim",Premissas!$C$5:$C$8),0))),0))))) | K14: =IF(OR(NOT(ISNUMBER($A14)),$B14="",NOT(ISNUMBER($F14)),$G14="",$H14=""),"",IF($H14="Cancelada",0,IF(Premissas!$E$7<>"Sim",0,IF($G14="Percentual fixo",$F14*N(Premissas!$D$7),IFERROR($F14*IF($G14="Igualitário",1,IF($G14="Participantes",N(Premissas!$B$7),IF($G14="Uso (horas)",N(Premissas!$C$7),0)))/IF($G14="Igualitário",COUNTIF(Premissas!$E$5:$E$8,"Sim"),IF($G14="Participantes",SUMIF(Premissas!$E$5:$E$8,"Sim",Premissas!$B$5:$B$8),IF($G14="Uso (horas)",SUMIF(Premissas!$E$5:$E$8,"Sim",Premissas!$C$5:$C$8),0))),0))))) | L14: =IF(OR(NOT(ISNUMBER($A14)),$B14="",NOT(ISNUMBER($F14)),$G14="",$H14=""),"",IF($H14="Cancelada",0,IF(Premissas!$E$8<>"Sim",0,IF($G14="Percentual fixo",$F14*N(Premissas!$D$8),IFERROR($F14*IF($G14="Igualitário",1,IF($G14="Participantes",N(Premissas!$B$8),IF($G14="Uso (horas)",N(Premissas!$C$8),0)))/IF($G14="Igualitário",COUNTIF(Premissas!$E$5:$E$8,"Sim"),IF($G14="Participantes",SUMIF(Premissas!$E$5:$E$8,"Sim",Premissas!$B$5:$B$8),IF($G14="Uso (horas)",SUMIF(Premissas!$E$5:$E$8,"Sim",Premissas!$C$5:$C$8),0))),0))))) | M14: =IF(OR(NOT(ISNUMBER($A14)),$B14="",NOT(ISNUMBER($F14)),$G14="",$H14=""),"",IF($H14="Cancelada",0,$F14-SUM($I14:$L14))) | N14: =IF($M14="","",IF($H14="Cancelada","Cancelada",IF(ABS($M14)<=N(Premissas!$B$14),"OK","Conferir")))
I15: =IF(OR(NOT(ISNUMBER($A15)),$B15="",NOT(ISNUMBER($F15)),$G15="",$H15=""),"",IF($H15="Cancelada",0,IF(Premissas!$E$5<>"Sim",0,IF($G15="Percentual fixo",$F15*N(Premissas!$D$5),IFERROR($F15*IF($G15="Igualitário",1,IF($G15="Participantes",N(Premissas!$B$5),IF($G15="Uso (horas)",N(Premissas!$C$5),0)))/IF($G15="Igualitário",COUNTIF(Premissas!$E$5:$E$8,"Sim"),IF($G15="Participantes",SUMIF(Premissas!$E$5:$E$8,"Sim",Premissas!$B$5:$B$8),IF($G15="Uso (horas)",SUMIF(Premissas!$E$5:$E$8,"Sim",Premissas!$C$5:$C$8),0))),0))))) | J15: =IF(OR(NOT(ISNUMBER($A15)),$B15="",NOT(ISNUMBER($F15)),$G15="",$H15=""),"",IF($H15="Cancelada",0,IF(Premissas!$E$6<>"Sim",0,IF($G15="Percentual fixo",$F15*N(Premissas!$D$6),IFERROR($F15*IF($G15="Igualitário",1,IF($G15="Participantes",N(Premissas!$B$6),IF($G15="Uso (horas)",N(Premissas!$C$6),0)))/IF($G15="Igualitário",COUNTIF(Premissas!$E$5:$E$8,"Sim"),IF($G15="Participantes",SUMIF(Premissas!$E$5:$E$8,"Sim",Premissas!$B$5:$B$8),IF($G15="Uso (horas)",SUMIF(Premissas!$E$5:$E$8,"Sim",Premissas!$C$5:$C$8),0))),0))))) | K15: =IF(OR(NOT(ISNUMBER($A15)),$B15="",NOT(ISNUMBER($F15)),$G15="",$H15=""),"",IF($H15="Cancelada",0,IF(Premissas!$E$7<>"Sim",0,IF($G15="Percentual fixo",$F15*N(Premissas!$D$7),IFERROR($F15*IF($G15="Igualitário",1,IF($G15="Participantes",N(Premissas!$B$7),IF($G15="Uso (horas)",N(Premissas!$C$7),0)))/IF($G15="Igualitário",COUNTIF(Premissas!$E$5:$E$8,"Sim"),IF($G15="Participantes",SUMIF(Premissas!$E$5:$E$8,"Sim",Premissas!$B$5:$B$8),IF($G15="Uso (horas)",SUMIF(Premissas!$E$5:$E$8,"Sim",Premissas!$C$5:$C$8),0))),0))))) | L15: =IF(OR(NOT(ISNUMBER($A15)),$B15="",NOT(ISNUMBER($F15)),$G15="",$H15=""),"",IF($H15="Cancelada",0,IF(Premissas!$E$8<>"Sim",0,IF($G15="Percentual fixo",$F15*N(Premissas!$D$8),IFERROR($F15*IF($G15="Igualitário",1,IF($G15="Participantes",N(Premissas!$B$8),IF($G15="Uso (horas)",N(Premissas!$C$8),0)))/IF($G15="Igualitário",COUNTIF(Premissas!$E$5:$E$8,"Sim"),IF($G15="Participantes",SUMIF(Premissas!$E$5:$E$8,"Sim",Premissas!$B$5:$B$8),IF($G15="Uso (horas)",SUMIF(Premissas!$E$5:$E$8,"Sim",Premissas!$C$5:$C$8),0))),0))))) | M15: =IF(OR(NOT(ISNUMBER($A15)),$B15="",NOT(ISNUMBER($F15)),$G15="",$H15=""),"",IF($H15="Cancelada",0,$F15-SUM($I15:$L15))) | N15: =IF($M15="","",IF($H15="Cancelada","Cancelada",IF(ABS($M15)<=N(Premissas!$B$14),"OK","Conferir")))
I16: =IF(OR(NOT(ISNUMBER($A16)),$B16="",NOT(ISNUMBER($F16)),$G16="",$H16=""),"",IF($H16="Cancelada",0,IF(Premissas!$E$5<>"Sim",0,IF($G16="Percentual fixo",$F16*N(Premissas!$D$5),IFERROR($F16*IF($G16="Igualitário",1,IF($G16="Participantes",N(Premissas!$B$5),IF($G16="Uso (horas)",N(Premissas!$C$5),0)))/IF($G16="Igualitário",COUNTIF(Premissas!$E$5:$E$8,"Sim"),IF($G16="Participantes",SUMIF(Premissas!$E$5:$E$8,"Sim",Premissas!$B$5:$B$8),IF($G16="Uso (horas)",SUMIF(Premissas!$E$5:$E$8,"Sim",Premissas!$C$5:$C$8),0))),0))))) | J16: =IF(OR(NOT(ISNUMBER($A16)),$B16="",NOT(ISNUMBER($F16)),$G16="",$H16=""),"",IF($H16="Cancelada",0,IF(Premissas!$E$6<>"Sim",0,IF($G16="Percentual fixo",$F16*N(Premissas!$D$6),IFERROR($F16*IF($G16="Igualitário",1,IF($G16="Participantes",N(Premissas!$B$6),IF($G16="Uso (horas)",N(Premissas!$C$6),0)))/IF($G16="Igualitário",COUNTIF(Premissas!$E$5:$E$8,"Sim"),IF($G16="Participantes",SUMIF(Premissas!$E$5:$E$8,"Sim",Premissas!$B$5:$B$8),IF($G16="Uso (horas)",SUMIF(Premissas!$E$5:$E$8,"Sim",Premissas!$C$5:$C$8),0))),0))))) | K16: =IF(OR(NOT(ISNUMBER($A16)),$B16="",NOT(ISNUMBER($F16)),$G16="",$H16=""),"",IF($H16="Cancelada",0,IF(Premissas!$E$7<>"Sim",0,IF($G16="Percentual fixo",$F16*N(Premissas!$D$7),IFERROR($F16*IF($G16="Igualitário",1,IF($G16="Participantes",N(Premissas!$B$7),IF($G16="Uso (horas)",N(Premissas!$C$7),0)))/IF($G16="Igualitário",COUNTIF(Premissas!$E$5:$E$8,"Sim"),IF($G16="Participantes",SUMIF(Premissas!$E$5:$E$8,"Sim",Premissas!$B$5:$B$8),IF($G16="Uso (horas)",SUMIF(Premissas!$E$5:$E$8,"Sim",Premissas!$C$5:$C$8),0))),0))))) | L16: =IF(OR(NOT(ISNUMBER($A16)),$B16="",NOT(ISNUMBER($F16)),$G16="",$H16=""),"",IF($H16="Cancelada",0,IF(Premissas!$E$8<>"Sim",0,IF($G16="Percentual fixo",$F16*N(Premissas!$D$8),IFERROR($F16*IF($G16="Igualitário",1,IF($G16="Participantes",N(Premissas!$B$8),IF($G16="Uso (horas)",N(Premissas!$C$8),0)))/IF($G16="Igualitário",COUNTIF(Premissas!$E$5:$E$8,"Sim"),IF($G16="Participantes",SUMIF(Premissas!$E$5:$E$8,"Sim",Premissas!$B$5:$B$8),IF($G16="Uso (horas)",SUMIF(Premissas!$E$5:$E$8,"Sim",Premissas!$C$5:$C$8),0))),0))))) | M16: =IF(OR(NOT(ISNUMBER($A16)),$B16="",NOT(ISNUMBER($F16)),$G16="",$H16=""),"",IF($H16="Cancelada",0,$F16-SUM($I16:$L16))) | N16: =IF($M16="","",IF($H16="Cancelada","Cancelada",IF(ABS($M16)<=N(Premissas!$B$14),"OK","Conferir")))
I17: =IF(OR(NOT(ISNUMBER($A17)),$B17="",NOT(ISNUMBER($F17)),$G17="",$H17=""),"",IF($H17="Cancelada",0,IF(Premissas!$E$5<>"Sim",0,IF($G17="Percentual fixo",$F17*N(Premissas!$D$5),IFERROR($F17*IF($G17="Igualitário",1,IF($G17="Participantes",N(Premissas!$B$5),IF($G17="Uso (horas)",N(Premissas!$C$5),0)))/IF($G17="Igualitário",COUNTIF(Premissas!$E$5:$E$8,"Sim"),IF($G17="Participantes",SUMIF(Premissas!$E$5:$E$8,"Sim",Premissas!$B$5:$B$8),IF($G17="Uso (horas)",SUMIF(Premissas!$E$5:$E$8,"Sim",Premissas!$C$5:$C$8),0))),0))))) | J17: =IF(OR(NOT(ISNUMBER($A17)),$B17="",NOT(ISNUMBER($F17)),$G17="",$H17=""),"",IF($H17="Cancelada",0,IF(Premissas!$E$6<>"Sim",0,IF($G17="Percentual fixo",$F17*N(Premissas!$D$6),IFERROR($F17*IF($G17="Igualitário",1,IF($G17="Participantes",N(Premissas!$B$6),IF($G17="Uso (horas)",N(Premissas!$C$6),0)))/IF($G17="Igualitário",COUNTIF(Premissas!$E$5:$E$8,"Sim"),IF($G17="Participantes",SUMIF(Premissas!$E$5:$E$8,"Sim",Premissas!$B$5:$B$8),IF($G17="Uso (horas)",SUMIF(Premissas!$E$5:$E$8,"Sim",Premissas!$C$5:$C$8),0))),0))))) | K17: =IF(OR(NOT(ISNUMBER($A17)),$B17="",NOT(ISNUMBER($F17)),$G17="",$H17=""),"",IF($H17="Cancelada",0,IF(Premissas!$E$7<>"Sim",0,IF($G17="Percentual fixo",$F17*N(Premissas!$D$7),IFERROR($F17*IF($G17="Igualitário",1,IF($G17="Participantes",N(Premissas!$B$7),IF($G17="Uso (horas)",N(Premissas!$C$7),0)))/IF($G17="Igualitário",COUNTIF(Premissas!$E$5:$E$8,"Sim"),IF($G17="Participantes",SUMIF(Premissas!$E$5:$E$8,"Sim",Premissas!$B$5:$B$8),IF($G17="Uso (horas)",SUMIF(Premissas!$E$5:$E$8,"Sim",Premissas!$C$5:$C$8),0))),0))))) | L17: =IF(OR(NOT(ISNUMBER($A17)),$B17="",NOT(ISNUMBER($F17)),$G17="",$H17=""),"",IF($H17="Cancelada",0,IF(Premissas!$E$8<>"Sim",0,IF($G17="Percentual fixo",$F17*N(Premissas!$D$8),IFERROR($F17*IF($G17="Igualitário",1,IF($G17="Participantes",N(Premissas!$B$8),IF($G17="Uso (horas)",N(Premissas!$C$8),0)))/IF($G17="Igualitário",COUNTIF(Premissas!$E$5:$E$8,"Sim"),IF($G17="Participantes",SUMIF(Premissas!$E$5:$E$8,"Sim",Premissas!$B$5:$B$8),IF($G17="Uso (horas)",SUMIF(Premissas!$E$5:$E$8,"Sim",Premissas!$C$5:$C$8),0))),0))))) | M17: =IF(OR(NOT(ISNUMBER($A17)),$B17="",NOT(ISNUMBER($F17)),$G17="",$H17=""),"",IF($H17="Cancelada",0,$F17-SUM($I17:$L17))) | N17: =IF($M17="","",IF($H17="Cancelada","Cancelada",IF(ABS($M17)<=N(Premissas!$B$14),"OK","Conferir")))
I18: =IF(OR(NOT(ISNUMBER($A18)),$B18="",NOT(ISNUMBER($F18)),$G18="",$H18=""),"",IF($H18="Cancelada",0,IF(Premissas!$E$5<>"Sim",0,IF($G18="Percentual fixo",$F18*N(Premissas!$D$5),IFERROR($F18*IF($G18="Igualitário",1,IF($G18="Participantes",N(Premissas!$B$5),IF($G18="Uso (horas)",N(Premissas!$C$5),0)))/IF($G18="Igualitário",COUNTIF(Premissas!$E$5:$E$8,"Sim"),IF($G18="Participantes",SUMIF(Premissas!$E$5:$E$8,"Sim",Premissas!$B$5:$B$8),IF($G18="Uso (horas)",SUMIF(Premissas!$E$5:$E$8,"Sim",Premissas!$C$5:$C$8),0))),0))))) | J18: =IF(OR(NOT(ISNUMBER($A18)),$B18="",NOT(ISNUMBER($F18)),$G18="",$H18=""),"",IF($H18="Cancelada",0,IF(Premissas!$E$6<>"Sim",0,IF($G18="Percentual fixo",$F18*N(Premissas!$D$6),IFERROR($F18*IF($G18="Igualitário",1,IF($G18="Participantes",N(Premissas!$B$6),IF($G18="Uso (horas)",N(Premissas!$C$6),0)))/IF($G18="Igualitário",COUNTIF(Premissas!$E$5:$E$8,"Sim"),IF($G18="Participantes",SUMIF(Premissas!$E$5:$E$8,"Sim",Premissas!$B$5:$B$8),IF($G18="Uso (horas)",SUMIF(Premissas!$E$5:$E$8,"Sim",Premissas!$C$5:$C$8),0))),0))))) | K18: =IF(OR(NOT(ISNUMBER($A18)),$B18="",NOT(ISNUMBER($F18)),$G18="",$H18=""),"",IF($H18="Cancelada",0,IF(Premissas!$E$7<>"Sim",0,IF($G18="Percentual fixo",$F18*N(Premissas!$D$7),IFERROR($F18*IF($G18="Igualitário",1,IF($G18="Participantes",N(Premissas!$B$7),IF($G18="Uso (horas)",N(Premissas!$C$7),0)))/IF($G18="Igualitário",COUNTIF(Premissas!$E$5:$E$8,"Sim"),IF($G18="Participantes",SUMIF(Premissas!$E$5:$E$8,"Sim",Premissas!$B$5:$B$8),IF($G18="Uso (horas)",SUMIF(Premissas!$E$5:$E$8,"Sim",Premissas!$C$5:$C$8),0))),0))))) | L18: =IF(OR(NOT(ISNUMBER($A18)),$B18="",NOT(ISNUMBER($F18)),$G18="",$H18=""),"",IF($H18="Cancelada",0,IF(Premissas!$E$8<>"Sim",0,IF($G18="Percentual fixo",$F18*N(Premissas!$D$8),IFERROR($F18*IF($G18="Igualitário",1,IF($G18="Participantes",N(Premissas!$B$8),IF($G18="Uso (horas)",N(Premissas!$C$8),0)))/IF($G18="Igualitário",COUNTIF(Premissas!$E$5:$E$8,"Sim"),IF($G18="Participantes",SUMIF(Premissas!$E$5:$E$8,"Sim",Premissas!$B$5:$B$8),IF($G18="Uso (horas)",SUMIF(Premissas!$E$5:$E$8,"Sim",Premissas!$C$5:$C$8),0))),0))))) | M18: =IF(OR(NOT(ISNUMBER($A18)),$B18="",NOT(ISNUMBER($F18)),$G18="",$H18=""),"",IF($H18="Cancelada",0,$F18-SUM($I18:$L18))) | N18: =IF($M18="","",IF($H18="Cancelada","Cancelada",IF(ABS($M18)<=N(Premissas!$B$14),"OK","Conferir")))
I19: =IF(OR(NOT(ISNUMBER($A19)),$B19="",NOT(ISNUMBER($F19)),$G19="",$H19=""),"",IF($H19="Cancelada",0,IF(Premissas!$E$5<>"Sim",0,IF($G19="Percentual fixo",$F19*N(Premissas!$D$5),IFERROR($F19*IF($G19="Igualitário",1,IF($G19="Participantes",N(Premissas!$B$5),IF($G19="Uso (horas)",N(Premissas!$C$5),0)))/IF($G19="Igualitário",COUNTIF(Premissas!$E$5:$E$8,"Sim"),IF($G19="Participantes",SUMIF(Premissas!$E$5:$E$8,"Sim",Premissas!$B$5:$B$8),IF($G19="Uso (horas)",SUMIF(Premissas!$E$5:$E$8,"Sim",Premissas!$C$5:$C$8),0))),0))))) | J19: =IF(OR(NOT(ISNUMBER($A19)),$B19="",NOT(ISNUMBER($F19)),$G19="",$H19=""),"",IF($H19="Cancelada",0,IF(Premissas!$E$6<>"Sim",0,IF($G19="Percentual fixo",$F19*N(Premissas!$D$6),IFERROR($F19*IF($G19="Igualitário",1,IF($G19="Participantes",N(Premissas!$B$6),IF($G19="Uso (horas)",N(Premissas!$C$6),0)))/IF($G19="Igualitário",COUNTIF(Premissas!$E$5:$E$8,"Sim"),IF($G19="Participantes",SUMIF(Premissas!$E$5:$E$8,"Sim",Premissas!$B$5:$B$8),IF($G19="Uso (horas)",SUMIF(Premissas!$E$5:$E$8,"Sim",Premissas!$C$5:$C$8),0))),0))))) | K19: =IF(OR(NOT(ISNUMBER($A19)),$B19="",NOT(ISNUMBER($F19)),$G19="",$H19=""),"",IF($H19="Cancelada",0,IF(Premissas!$E$7<>"Sim",0,IF($G19="Percentual fixo",$F19*N(Premissas!$D$7),IFERROR($F19*IF($G19="Igualitário",1,IF($G19="Participantes",N(Premissas!$B$7),IF($G19="Uso (horas)",N(Premissas!$C$7),0)))/IF($G19="Igualitário",COUNTIF(Premissas!$E$5:$E$8,"Sim"),IF($G19="Participantes",SUMIF(Premissas!$E$5:$E$8,"Sim",Premissas!$B$5:$B$8),IF($G19="Uso (horas)",SUMIF(Premissas!$E$5:$E$8,"Sim",Premissas!$C$5:$C$8),0))),0))))) | L19: =IF(OR(NOT(ISNUMBER($A19)),$B19="",NOT(ISNUMBER($F19)),$G19="",$H19=""),"",IF($H19="Cancelada",0,IF(Premissas!$E$8<>"Sim",0,IF($G19="Percentual fixo",$F19*N(Premissas!$D$8),IFERROR($F19*IF($G19="Igualitário",1,IF($G19="Participantes",N(Premissas!$B$8),IF($G19="Uso (horas)",N(Premissas!$C$8),0)))/IF($G19="Igualitário",COUNTIF(Premissas!$E$5:$E$8,"Sim"),IF($G19="Participantes",SUMIF(Premissas!$E$5:$E$8,"Sim",Premissas!$B$5:$B$8),IF($G19="Uso (horas)",SUMIF(Premissas!$E$5:$E$8,"Sim",Premissas!$C$5:$C$8),0))),0))))) | M19: =IF(OR(NOT(ISNUMBER($A19)),$B19="",NOT(ISNUMBER($F19)),$G19="",$H19=""),"",IF($H19="Cancelada",0,$F19-SUM($I19:$L19))) | N19: =IF($M19="","",IF($H19="Cancelada","Cancelada",IF(ABS($M19)<=N(Premissas!$B$14),"OK","Conferir")))
I20: =IF(OR(NOT(ISNUMBER($A20)),$B20="",NOT(ISNUMBER($F20)),$G20="",$H20=""),"",IF($H20="Cancelada",0,IF(Premissas!$E$5<>"Sim",0,IF($G20="Percentual fixo",$F20*N(Premissas!$D$5),IFERROR($F20*IF($G20="Igualitário",1,IF($G20="Participantes",N(Premissas!$B$5),IF($G20="Uso (horas)",N(Premissas!$C$5),0)))/IF($G20="Igualitário",COUNTIF(Premissas!$E$5:$E$8,"Sim"),IF($G20="Participantes",SUMIF(Premissas!$E$5:$E$8,"Sim",Premissas!$B$5:$B$8),IF($G20="Uso (horas)",SUMIF(Premissas!$E$5:$E$8,"Sim",Premissas!$C$5:$C$8),0))),0))))) | J20: =IF(OR(NOT(ISNUMBER($A20)),$B20="",NOT(ISNUMBER($F20)),$G20="",$H20=""),"",IF($H20="Cancelada",0,IF(Premissas!$E$6<>"Sim",0,IF($G20="Percentual fixo",$F20*N(Premissas!$D$6),IFERROR($F20*IF($G20="Igualitário",1,IF($G20="Participantes",N(Premissas!$B$6),IF($G20="Uso (horas)",N(Premissas!$C$6),0)))/IF($G20="Igualitário",COUNTIF(Premissas!$E$5:$E$8,"Sim"),IF($G20="Participantes",SUMIF(Premissas!$E$5:$E$8,"Sim",Premissas!$B$5:$B$8),IF($G20="Uso (horas)",SUMIF(Premissas!$E$5:$E$8,"Sim",Premissas!$C$5:$C$8),0))),0))))) | K20: =IF(OR(NOT(ISNUMBER($A20)),$B20="",NOT(ISNUMBER($F20)),$G20="",$H20=""),"",IF($H20="Cancelada",0,IF(Premissas!$E$7<>"Sim",0,IF($G20="Percentual fixo",$F20*N(Premissas!$D$7),IFERROR($F20*IF($G20="Igualitário",1,IF($G20="Participantes",N(Premissas!$B$7),IF($G20="Uso (horas)",N(Premissas!$C$7),0)))/IF($G20="Igualitário",COUNTIF(Premissas!$E$5:$E$8,"Sim"),IF($G20="Participantes",SUMIF(Premissas!$E$5:$E$8,"Sim",Premissas!$B$5:$B$8),IF($G20="Uso (horas)",SUMIF(Premissas!$E$5:$E$8,"Sim",Premissas!$C$5:$C$8),0))),0))))) | L20: =IF(OR(NOT(ISNUMBER($A20)),$B20="",NOT(ISNUMBER($F20)),$G20="",$H20=""),"",IF($H20="Cancelada",0,IF(Premissas!$E$8<>"Sim",0,IF($G20="Percentual fixo",$F20*N(Premissas!$D$8),IFERROR($F20*IF($G20="Igualitário",1,IF($G20="Participantes",N(Premissas!$B$8),IF($G20="Uso (horas)",N(Premissas!$C$8),0)))/IF($G20="Igualitário",COUNTIF(Premissas!$E$5:$E$8,"Sim"),IF($G20="Participantes",SUMIF(Premissas!$E$5:$E$8,"Sim",Premissas!$B$5:$B$8),IF($G20="Uso (horas)",SUMIF(Premissas!$E$5:$E$8,"Sim",Premissas!$C$5:$C$8),0))),0))))) | M20: =IF(OR(NOT(ISNUMBER($A20)),$B20="",NOT(ISNUMBER($F20)),$G20="",$H20=""),"",IF($H20="Cancelada",0,$F20-SUM($I20:$L20))) | N20: =IF($M20="","",IF($H20="Cancelada","Cancelada",IF(ABS($M20)<=N(Premissas!$B$14),"OK","Conferir")))
I21: =IF(OR(NOT(ISNUMBER($A21)),$B21="",NOT(ISNUMBER($F21)),$G21="",$H21=""),"",IF($H21="Cancelada",0,IF(Premissas!$E$5<>"Sim",0,IF($G21="Percentual fixo",$F21*N(Premissas!$D$5),IFERROR($F21*IF($G21="Igualitário",1,IF($G21="Participantes",N(Premissas!$B$5),IF($G21="Uso (horas)",N(Premissas!$C$5),0)))/IF($G21="Igualitário",COUNTIF(Premissas!$E$5:$E$8,"Sim"),IF($G21="Participantes",SUMIF(Premissas!$E$5:$E$8,"Sim",Premissas!$B$5:$B$8),IF($G21="Uso (horas)",SUMIF(Premissas!$E$5:$E$8,"Sim",Premissas!$C$5:$C$8),0))),0))))) | J21: =IF(OR(NOT(ISNUMBER($A21)),$B21="",NOT(ISNUMBER($F21)),$G21="",$H21=""),"",IF($H21="Cancelada",0,IF(Premissas!$E$6<>"Sim",0,IF($G21="Percentual fixo",$F21*N(Premissas!$D$6),IFERROR($F21*IF($G21="Igualitário",1,IF($G21="Participantes",N(Premissas!$B$6),IF($G21="Uso (horas)",N(Premissas!$C$6),0)))/IF($G21="Igualitário",COUNTIF(Premissas!$E$5:$E$8,"Sim"),IF($G21="Participantes",SUMIF(Premissas!$E$5:$E$8,"Sim",Premissas!$B$5:$B$8),IF($G21="Uso (horas)",SUMIF(Premissas!$E$5:$E$8,"Sim",Premissas!$C$5:$C$8),0))),0))))) | K21: =IF(OR(NOT(ISNUMBER($A21)),$B21="",NOT(ISNUMBER($F21)),$G21="",$H21=""),"",IF($H21="Cancelada",0,IF(Premissas!$E$7<>"Sim",0,IF($G21="Percentual fixo",$F21*N(Premissas!$D$7),IFERROR($F21*IF($G21="Igualitário",1,IF($G21="Participantes",N(Premissas!$B$7),IF($G21="Uso (horas)",N(Premissas!$C$7),0)))/IF($G21="Igualitário",COUNTIF(Premissas!$E$5:$E$8,"Sim"),IF($G21="Participantes",SUMIF(Premissas!$E$5:$E$8,"Sim",Premissas!$B$5:$B$8),IF($G21="Uso (horas)",SUMIF(Premissas!$E$5:$E$8,"Sim",Premissas!$C$5:$C$8),0))),0))))) | L21: =IF(OR(NOT(ISNUMBER($A21)),$B21="",NOT(ISNUMBER($F21)),$G21="",$H21=""),"",IF($H21="Cancelada",0,IF(Premissas!$E$8<>"Sim",0,IF($G21="Percentual fixo",$F21*N(Premissas!$D$8),IFERROR($F21*IF($G21="Igualitário",1,IF($G21="Participantes",N(Premissas!$B$8),IF($G21="Uso (horas)",N(Premissas!$C$8),0)))/IF($G21="Igualitário",COUNTIF(Premissas!$E$5:$E$8,"Sim"),IF($G21="Participantes",SUMIF(Premissas!$E$5:$E$8,"Sim",Premissas!$B$5:$B$8),IF($G21="Uso (horas)",SUMIF(Premissas!$E$5:$E$8,"Sim",Premissas!$C$5:$C$8),0))),0))))) | M21: =IF(OR(NOT(ISNUMBER($A21)),$B21="",NOT(ISNUMBER($F21)),$G21="",$H21=""),"",IF($H21="Cancelada",0,$F21-SUM($I21:$L21))) | N21: =IF($M21="","",IF($H21="Cancelada","Cancelada",IF(ABS($M21)<=N(Premissas!$B$14),"OK","Conferir")))
I22: =IF(OR(NOT(ISNUMBER($A22)),$B22="",NOT(ISNUMBER($F22)),$G22="",$H22=""),"",IF($H22="Cancelada",0,IF(Premissas!$E$5<>"Sim",0,IF($G22="Percentual fixo",$F22*N(Premissas!$D$5),IFERROR($F22*IF($G22="Igualitário",1,IF($G22="Participantes",N(Premissas!$B$5),IF($G22="Uso (horas)",N(Premissas!$C$5),0)))/IF($G22="Igualitário",COUNTIF(Premissas!$E$5:$E$8,"Sim"),IF($G22="Participantes",SUMIF(Premissas!$E$5:$E$8,"Sim",Premissas!$B$5:$B$8),IF($G22="Uso (horas)",SUMIF(Premissas!$E$5:$E$8,"Sim",Premissas!$C$5:$C$8),0))),0))))) | J22: =IF(OR(NOT(ISNUMBER($A22)),$B22="",NOT(ISNUMBER($F22)),$G22="",$H22=""),"",IF($H22="Cancelada",0,IF(Premissas!$E$6<>"Sim",0,IF($G22="Percentual fixo",$F22*N(Premissas!$D$6),IFERROR($F22*IF($G22="Igualitário",1,IF($G22="Participantes",N(Premissas!$B$6),IF($G22="Uso (horas)",N(Premissas!$C$6),0)))/IF($G22="Igualitário",COUNTIF(Premissas!$E$5:$E$8,"Sim"),IF($G22="Participantes",SUMIF(Premissas!$E$5:$E$8,"Sim",Premissas!$B$5:$B$8),IF($G22="Uso (horas)",SUMIF(Premissas!$E$5:$E$8,"Sim",Premissas!$C$5:$C$8),0))),0))))) | K22: =IF(OR(NOT(ISNUMBER($A22)),$B22="",NOT(ISNUMBER($F22)),$G22="",$H22=""),"",IF($H22="Cancelada",0,IF(Premissas!$E$7<>"Sim",0,IF($G22="Percentual fixo",$F22*N(Premissas!$D$7),IFERROR($F22*IF($G22="Igualitário",1,IF($G22="Participantes",N(Premissas!$B$7),IF($G22="Uso (horas)",N(Premissas!$C$7),0)))/IF($G22="Igualitário",COUNTIF(Premissas!$E$5:$E$8,"Sim"),IF($G22="Participantes",SUMIF(Premissas!$E$5:$E$8,"Sim",Premissas!$B$5:$B$8),IF($G22="Uso (horas)",SUMIF(Premissas!$E$5:$E$8,"Sim",Premissas!$C$5:$C$8),0))),0))))) | L22: =IF(OR(NOT(ISNUMBER($A22)),$B22="",NOT(ISNUMBER($F22)),$G22="",$H22=""),"",IF($H22="Cancelada",0,IF(Premissas!$E$8<>"Sim",0,IF($G22="Percentual fixo",$F22*N(Premissas!$D$8),IFERROR($F22*IF($G22="Igualitário",1,IF($G22="Participantes",N(Premissas!$B$8),IF($G22="Uso (horas)",N(Premissas!$C$8),0)))/IF($G22="Igualitário",COUNTIF(Premissas!$E$5:$E$8,"Sim"),IF($G22="Participantes",SUMIF(Premissas!$E$5:$E$8,"Sim",Premissas!$B$5:$B$8),IF($G22="Uso (horas)",SUMIF(Premissas!$E$5:$E$8,"Sim",Premissas!$C$5:$C$8),0))),0))))) | M22: =IF(OR(NOT(ISNUMBER($A22)),$B22="",NOT(ISNUMBER($F22)),$G22="",$H22=""),"",IF($H22="Cancelada",0,$F22-SUM($I22:$L22))) | N22: =IF($M22="","",IF($H22="Cancelada","Cancelada",IF(ABS($M22)<=N(Premissas!$B$14),"OK","Conferir")))
I23: =IF(OR(NOT(ISNUMBER($A23)),$B23="",NOT(ISNUMBER($F23)),$G23="",$H23=""),"",IF($H23="Cancelada",0,IF(Premissas!$E$5<>"Sim",0,IF($G23="Percentual fixo",$F23*N(Premissas!$D$5),IFERROR($F23*IF($G23="Igualitário",1,IF($G23="Participantes",N(Premissas!$B$5),IF($G23="Uso (horas)",N(Premissas!$C$5),0)))/IF($G23="Igualitário",COUNTIF(Premissas!$E$5:$E$8,"Sim"),IF($G23="Participantes",SUMIF(Premissas!$E$5:$E$8,"Sim",Premissas!$B$5:$B$8),IF($G23="Uso (horas)",SUMIF(Premissas!$E$5:$E$8,"Sim",Premissas!$C$5:$C$8),0))),0))))) | J23: =IF(OR(NOT(ISNUMBER($A23)),$B23="",NOT(ISNUMBER($F23)),$G23="",$H23=""),"",IF($H23="Cancelada",0,IF(Premissas!$E$6<>"Sim",0,IF($G23="Percentual fixo",$F23*N(Premissas!$D$6),IFERROR($F23*IF($G23="Igualitário",1,IF($G23="Participantes",N(Premissas!$B$6),IF($G23="Uso (horas)",N(Premissas!$C$6),0)))/IF($G23="Igualitário",COUNTIF(Premissas!$E$5:$E$8,"Sim"),IF($G23="Participantes",SUMIF(Premissas!$E$5:$E$8,"Sim",Premissas!$B$5:$B$8),IF($G23="Uso (horas)",SUMIF(Premissas!$E$5:$E$8,"Sim",Premissas!$C$5:$C$8),0))),0))))) | K23: =IF(OR(NOT(ISNUMBER($A23)),$B23="",NOT(ISNUMBER($F23)),$G23="",$H23=""),"",IF($H23="Cancelada",0,IF(Premissas!$E$7<>"Sim",0,IF($G23="Percentual fixo",$F23*N(Premissas!$D$7),IFERROR($F23*IF($G23="Igualitário",1,IF($G23="Participantes",N(Premissas!$B$7),IF($G23="Uso (horas)",N(Premissas!$C$7),0)))/IF($G23="Igualitário",COUNTIF(Premissas!$E$5:$E$8,"Sim"),IF($G23="Participantes",SUMIF(Premissas!$E$5:$E$8,"Sim",Premissas!$B$5:$B$8),IF($G23="Uso (horas)",SUMIF(Premissas!$E$5:$E$8,"Sim",Premissas!$C$5:$C$8),0))),0))))) | L23: =IF(OR(NOT(ISNUMBER($A23)),$B23="",NOT(ISNUMBER($F23)),$G23="",$H23=""),"",IF($H23="Cancelada",0,IF(Premissas!$E$8<>"Sim",0,IF($G23="Percentual fixo",$F23*N(Premissas!$D$8),IFERROR($F23*IF($G23="Igualitário",1,IF($G23="Participantes",N(Premissas!$B$8),IF($G23="Uso (horas)",N(Premissas!$C$8),0)))/IF($G23="Igualitário",COUNTIF(Premissas!$E$5:$E$8,"Sim"),IF($G23="Participantes",SUMIF(Premissas!$E$5:$E$8,"Sim",Premissas!$B$5:$B$8),IF($G23="Uso (horas)",SUMIF(Premissas!$E$5:$E$8,"Sim",Premissas!$C$5:$C$8),0))),0))))) | M23: =IF(OR(NOT(ISNUMBER($A23)),$B23="",NOT(ISNUMBER($F23)),$G23="",$H23=""),"",IF($H23="Cancelada",0,$F23-SUM($I23:$L23))) | N23: =IF($M23="","",IF($H23="Cancelada","Cancelada",IF(ABS($M23)<=N(Premissas!$B$14),"OK","Conferir")))
I24: =IF(OR(NOT(ISNUMBER($A24)),$B24="",NOT(ISNUMBER($F24)),$G24="",$H24=""),"",IF($H24="Cancelada",0,IF(Premissas!$E$5<>"Sim",0,IF($G24="Percentual fixo",$F24*N(Premissas!$D$5),IFERROR($F24*IF($G24="Igualitário",1,IF($G24="Participantes",N(Premissas!$B$5),IF($G24="Uso (horas)",N(Premissas!$C$5),0)))/IF($G24="Igualitário",COUNTIF(Premissas!$E$5:$E$8,"Sim"),IF($G24="Participantes",SUMIF(Premissas!$E$5:$E$8,"Sim",Premissas!$B$5:$B$8),IF($G24="Uso (horas)",SUMIF(Premissas!$E$5:$E$8,"Sim",Premissas!$C$5:$C$8),0))),0))))) | J24: =IF(OR(NOT(ISNUMBER($A24)),$B24="",NOT(ISNUMBER($F24)),$G24="",$H24=""),"",IF($H24="Cancelada",0,IF(Premissas!$E$6<>"Sim",0,IF($G24="Percentual fixo",$F24*N(Premissas!$D$6),IFERROR($F24*IF($G24="Igualitário",1,IF($G24="Participantes",N(Premissas!$B$6),IF($G24="Uso (horas)",N(Premissas!$C$6),0)))/IF($G24="Igualitário",COUNTIF(Premissas!$E$5:$E$8,"Sim"),IF($G24="Participantes",SUMIF(Premissas!$E$5:$E$8,"Sim",Premissas!$B$5:$B$8),IF($G24="Uso (horas)",SUMIF(Premissas!$E$5:$E$8,"Sim",Premissas!$C$5:$C$8),0))),0))))) | K24: =IF(OR(NOT(ISNUMBER($A24)),$B24="",NOT(ISNUMBER($F24)),$G24="",$H24=""),"",IF($H24="Cancelada",0,IF(Premissas!$E$7<>"Sim",0,IF($G24="Percentual fixo",$F24*N(Premissas!$D$7),IFERROR($F24*IF($G24="Igualitário",1,IF($G24="Participantes",N(Premissas!$B$7),IF($G24="Uso (horas)",N(Premissas!$C$7),0)))/IF($G24="Igualitário",COUNTIF(Premissas!$E$5:$E$8,"Sim"),IF($G24="Participantes",SUMIF(Premissas!$E$5:$E$8,"Sim",Premissas!$B$5:$B$8),IF($G24="Uso (horas)",SUMIF(Premissas!$E$5:$E$8,"Sim",Premissas!$C$5:$C$8),0))),0))))) | L24: =IF(OR(NOT(ISNUMBER($A24)),$B24="",NOT(ISNUMBER($F24)),$G24="",$H24=""),"",IF($H24="Cancelada",0,IF(Premissas!$E$8<>"Sim",0,IF($G24="Percentual fixo",$F24*N(Premissas!$D$8),IFERROR($F24*IF($G24="Igualitário",1,IF($G24="Participantes",N(Premissas!$B$8),IF($G24="Uso (horas)",N(Premissas!$C$8),0)))/IF($G24="Igualitário",COUNTIF(Premissas!$E$5:$E$8,"Sim"),IF($G24="Participantes",SUMIF(Premissas!$E$5:$E$8,"Sim",Premissas!$B$5:$B$8),IF($G24="Uso (horas)",SUMIF(Premissas!$E$5:$E$8,"Sim",Premissas!$C$5:$C$8),0))),0))))) | M24: =IF(OR(NOT(ISNUMBER($A24)),$B24="",NOT(ISNUMBER($F24)),$G24="",$H24=""),"",IF($H24="Cancelada",0,$F24-SUM($I24:$L24))) | N24: =IF($M24="","",IF($H24="Cancelada","Cancelada",IF(ABS($M24)<=N(Premissas!$B$14),"OK","Conferir")))
I25: =IF(OR(NOT(ISNUMBER($A25)),$B25="",NOT(ISNUMBER($F25)),$G25="",$H25=""),"",IF($H25="Cancelada",0,IF(Premissas!$E$5<>"Sim",0,IF($G25="Percentual fixo",$F25*N(Premissas!$D$5),IFERROR($F25*IF($G25="Igualitário",1,IF($G25="Participantes",N(Premissas!$B$5),IF($G25="Uso (horas)",N(Premissas!$C$5),0)))/IF($G25="Igualitário",COUNTIF(Premissas!$E$5:$E$8,"Sim"),IF($G25="Participantes",SUMIF(Premissas!$E$5:$E$8,"Sim",Premissas!$B$5:$B$8),IF($G25="Uso (horas)",SUMIF(Premissas!$E$5:$E$8,"Sim",Premissas!$C$5:$C$8),0))),0))))) | J25: =IF(OR(NOT(ISNUMBER($A25)),$B25="",NOT(ISNUMBER($F25)),$G25="",$H25=""),"",IF($H25="Cancelada",0,IF(Premissas!$E$6<>"Sim",0,IF($G25="Percentual fixo",$F25*N(Premissas!$D$6),IFERROR($F25*IF($G25="Igualitário",1,IF($G25="Participantes",N(Premissas!$B$6),IF($G25="Uso (horas)",N(Premissas!$C$6),0)))/IF($G25="Igualitário",COUNTIF(Premissas!$E$5:$E$8,"Sim"),IF($G25="Participantes",SUMIF(Premissas!$E$5:$E$8,"Sim",Premissas!$B$5:$B$8),IF($G25="Uso (horas)",SUMIF(Premissas!$E$5:$E$8,"Sim",Premissas!$C$5:$C$8),0))),0))))) | K25: =IF(OR(NOT(ISNUMBER($A25)),$B25="",NOT(ISNUMBER($F25)),$G25="",$H25=""),"",IF($H25="Cancelada",0,IF(Premissas!$E$7<>"Sim",0,IF($G25="Percentual fixo",$F25*N(Premissas!$D$7),IFERROR($F25*IF($G25="Igualitário",1,IF($G25="Participantes",N(Premissas!$B$7),IF($G25="Uso (horas)",N(Premissas!$C$7),0)))/IF($G25="Igualitário",COUNTIF(Premissas!$E$5:$E$8,"Sim"),IF($G25="Participantes",SUMIF(Premissas!$E$5:$E$8,"Sim",Premissas!$B$5:$B$8),IF($G25="Uso (horas)",SUMIF(Premissas!$E$5:$E$8,"Sim",Premissas!$C$5:$C$8),0))),0))))) | L25: =IF(OR(NOT(ISNUMBER($A25)),$B25="",NOT(ISNUMBER($F25)),$G25="",$H25=""),"",IF($H25="Cancelada",0,IF(Premissas!$E$8<>"Sim",0,IF($G25="Percentual fixo",$F25*N(Premissas!$D$8),IFERROR($F25*IF($G25="Igualitário",1,IF($G25="Participantes",N(Premissas!$B$8),IF($G25="Uso (horas)",N(Premissas!$C$8),0)))/IF($G25="Igualitário",COUNTIF(Premissas!$E$5:$E$8,"Sim"),IF($G25="Participantes",SUMIF(Premissas!$E$5:$E$8,"Sim",Premissas!$B$5:$B$8),IF($G25="Uso (horas)",SUMIF(Premissas!$E$5:$E$8,"Sim",Premissas!$C$5:$C$8),0))),0))))) | M25: =IF(OR(NOT(ISNUMBER($A25)),$B25="",NOT(ISNUMBER($F25)),$G25="",$H25=""),"",IF($H25="Cancelada",0,$F25-SUM($I25:$L25))) | N25: =IF($M25="","",IF($H25="Cancelada","Cancelada",IF(ABS($M25)<=N(Premissas!$B$14),"OK","Conferir")))
I26: =IF(OR(NOT(ISNUMBER($A26)),$B26="",NOT(ISNUMBER($F26)),$G26="",$H26=""),"",IF($H26="Cancelada",0,IF(Premissas!$E$5<>"Sim",0,IF($G26="Percentual fixo",$F26*N(Premissas!$D$5),IFERROR($F26*IF($G26="Igualitário",1,IF($G26="Participantes",N(Premissas!$B$5),IF($G26="Uso (horas)",N(Premissas!$C$5),0)))/IF($G26="Igualitário",COUNTIF(Premissas!$E$5:$E$8,"Sim"),IF($G26="Participantes",SUMIF(Premissas!$E$5:$E$8,"Sim",Premissas!$B$5:$B$8),IF($G26="Uso (horas)",SUMIF(Premissas!$E$5:$E$8,"Sim",Premissas!$C$5:$C$8),0))),0))))) | J26: =IF(OR(NOT(ISNUMBER($A26)),$B26="",NOT(ISNUMBER($F26)),$G26="",$H26=""),"",IF($H26="Cancelada",0,IF(Premissas!$E$6<>"Sim",0,IF($G26="Percentual fixo",$F26*N(Premissas!$D$6),IFERROR($F26*IF($G26="Igualitário",1,IF($G26="Participantes",N(Premissas!$B$6),IF($G26="Uso (horas)",N(Premissas!$C$6),0)))/IF($G26="Igualitário",COUNTIF(Premissas!$E$5:$E$8,"Sim"),IF($G26="Participantes",SUMIF(Premissas!$E$5:$E$8,"Sim",Premissas!$B$5:$B$8),IF($G26="Uso (horas)",SUMIF(Premissas!$E$5:$E$8,"Sim",Premissas!$C$5:$C$8),0))),0))))) | K26: =IF(OR(NOT(ISNUMBER($A26)),$B26="",NOT(ISNUMBER($F26)),$G26="",$H26=""),"",IF($H26="Cancelada",0,IF(Premissas!$E$7<>"Sim",0,IF($G26="Percentual fixo",$F26*N(Premissas!$D$7),IFERROR($F26*IF($G26="Igualitário",1,IF($G26="Participantes",N(Premissas!$B$7),IF($G26="Uso (horas)",N(Premissas!$C$7),0)))/IF($G26="Igualitário",COUNTIF(Premissas!$E$5:$E$8,"Sim"),IF($G26="Participantes",SUMIF(Premissas!$E$5:$E$8,"Sim",Premissas!$B$5:$B$8),IF($G26="Uso (horas)",SUMIF(Premissas!$E$5:$E$8,"Sim",Premissas!$C$5:$C$8),0))),0))))) | L26: =IF(OR(NOT(ISNUMBER($A26)),$B26="",NOT(ISNUMBER($F26)),$G26="",$H26=""),"",IF($H26="Cancelada",0,IF(Premissas!$E$8<>"Sim",0,IF($G26="Percentual fixo",$F26*N(Premissas!$D$8),IFERROR($F26*IF($G26="Igualitário",1,IF($G26="Participantes",N(Premissas!$B$8),IF($G26="Uso (horas)",N(Premissas!$C$8),0)))/IF($G26="Igualitário",COUNTIF(Premissas!$E$5:$E$8,"Sim"),IF($G26="Participantes",SUMIF(Premissas!$E$5:$E$8,"Sim",Premissas!$B$5:$B$8),IF($G26="Uso (horas)",SUMIF(Premissas!$E$5:$E$8,"Sim",Premissas!$C$5:$C$8),0))),0))))) | M26: =IF(OR(NOT(ISNUMBER($A26)),$B26="",NOT(ISNUMBER($F26)),$G26="",$H26=""),"",IF($H26="Cancelada",0,$F26-SUM($I26:$L26))) | N26: =IF($M26="","",IF($H26="Cancelada","Cancelada",IF(ABS($M26)<=N(Premissas!$B$14),"OK","Conferir")))
... I104: =IF(OR(NOT(ISNUMBER($A104)),$B104="",NOT(ISNUMBER($F104)),$G104="",$H104=""),"",IF($H104="Cancelada",0,IF(Premissas!$E$5<>"Sim",0,IF($G104="Percentual fixo",$F104*N(Premissas!$D$5),IFERROR($F104*IF($G104="Igualitário",1,IF($G104="Participantes",N(Premissas!$B$5),IF($G104="Uso (horas)",N(Premissas!$C$5),0)))/IF($G104="Igualitário",COUNTIF(Premissas!$E$5:$E$8,"Sim"),IF($G104="Participantes",SUMIF(Premissas!$E$5:$E$8,"Sim",Premissas!$B$5:$B$8),IF($G104="Uso (horas)",SUMIF(Premissas!$E$5:$E$8,"Sim",Premissas!$C$5:$C$8),0))),0))))) | J104: =IF(OR(NOT(ISNUMBER($A104)),$B104="",NOT(ISNUMBER($F104)),$G104="",$H104=""),"",IF($H104="Cancelada",0,IF(Premissas!$E$6<>"Sim",0,IF($G104="Percentual fixo",$F104*N(Premissas!$D$6),IFERROR($F104*IF($G104="Igualitário",1,IF($G104="Participantes",N(Premissas!$B$6),IF($G104="Uso (horas)",N(Premissas!$C$6),0)))/IF($G104="Igualitário",COUNTIF(Premissas!$E$5:$E$8,"Sim"),IF($G104="Participantes",SUMIF(Premissas!$E$5:$E$8,"Sim",Premissas!$B$5:$B$8),IF($G104="Uso (horas)",SUMIF(Premissas!$E$5:$E$8,"Sim",Premissas!$C$5:$C$8),0))),0))))) | K104: =IF(OR(NOT(ISNUMBER($A104)),$B104="",NOT(ISNUMBER($F104)),$G104="",$H104=""),"",IF($H104="Cancelada",0,IF(Premissas!$E$7<>"Sim",0,IF($G104="Percentual fixo",$F104*N(Premissas!$D$7),IFERROR($F104*IF($G104="Igualitário",1,IF($G104="Participantes",N(Premissas!$B$7),IF($G104="Uso (horas)",N(Premissas!$C$7),0)))/IF($G104="Igualitário",COUNTIF(Premissas!$E$5:$E$8,"Sim"),IF($G104="Participantes",SUMIF(Premissas!$E$5:$E$8,"Sim",Premissas!$B$5:$B$8),IF($G104="Uso (horas)",SUMIF(Premissas!$E$5:$E$8,"Sim",Premissas!$C$5:$C$8),0))),0))))) | L104: =IF(OR(NOT(ISNUMBER($A104)),$B104="",NOT(ISNUMBER($F104)),$G104="",$H104=""),"",IF($H104="Cancelada",0,IF(Premissas!$E$8<>"Sim",0,IF($G104="Percentual fixo",$F104*N(Premissas!$D$8),IFERROR($F104*IF($G104="Igualitário",1,IF($G104="Participantes",N(Premissas!$B$8),IF($G104="Uso (horas)",N(Premissas!$C$8),0)))/IF($G104="Igualitário",COUNTIF(Premissas!$E$5:$E$8,"Sim"),IF($G104="Participantes",SUMIF(Premissas!$E$5:$E$8,"Sim",Premissas!$B$5:$B$8),IF($G104="Uso (horas)",SUMIF(Premissas!$E$5:$E$8,"Sim",Premissas!$C$5:$C$8),0))),0))))) | M104: =IF(OR(NOT(ISNUMBER($A104)),$B104="",NOT(ISNUMBER($F104)),$G104="",$H104=""),"",IF($H104="Cancelada",0,$F104-SUM($I104:$L104))) | N104: =IF($M104="","",IF($H104="Cancelada","Cancelada",IF(ABS($M104)<=N(Premissas!$B$14),"OK","Conferir")))

Sheet Premissas
A1: Premissas do rateio — bases e limites editáveis
A2: As células amarelas são entradas. Bases e percentuais fictícios devem ser revisados antes de usar o rateio.
A4: Congregação | B4: Participantes | C4: Uso mensal | D4: Percentual fixo | E4: Ativa? | G4: Critérios estáveis | H4: Status estáveis
A5: Cong. Fictícia Aurora | B5: 84 | C5: 52 | D5: 0.34 | E5: Sim | G5: Igualitário | H5: Prevista
A6: Cong. Fictícia Monte Claro | B6: 67 | C6: 41 | D6: 0.28 | E6: Sim | G6: Participantes | H6: Aprovada
A7: Cong. Fictícia Vale Sereno | B7: 53 | C7: 33 | D7: 0.22 | E7: Sim | G7: Uso (horas) | H7: Paga
A8: Cong. Fictícia Ponte Azul | B8: 36 | C8: 24 | D8: 0.16 | E8: Sim | G8: Percentual fixo | H8: Cancelada
A9: Totais ativos | B9: =SUMIF($E$5:$E$8,"Sim",$B$5:$B$8) | C9: =SUMIF($E$5:$E$8,"Sim",$C$5:$C$8) | D9: =SUMIF($E$5:$E$8,"Sim",$D$5:$D$8) | E9: =COUNTIF($E$5:$E$8,"Sim")
A11: Data inicial permitida | B11: 45546
A12: Data final permitida | B12: 46641
A13: Valor máximo por lançamento | B13: 50000
A14: Tolerância do rateio | B14: 0.01
A15: Tolerância do percentual fixo | B15: 0.0001
A17: Percentual fixo: a soma das congregações ativas deve ser 100%.
A18: Participantes e horas funcionam como pesos proporcionais no rateio.
A19: Listas de critérios e status são estáveis para manter as fórmulas.
